Canadiens vs Sharks

Created - April 9, 2015 at 18:04

Goals
1 2 3 T
Canadiens 0 0 1 1
Sharks 3 1 0 4
Shots
1 2 3 T
Canadiens 13 12 11 36
Sharks 15 10 7 32

1st period

1. Sharks , Chris Butler 14 (Drew Stafford, Stephen Weiss) at 2:10 (PP)
2. Sharks , Martin Havlat 12 (Chris Butler, Jordan Leopold) at 7:31
3. Sharks , Jordan Leopold 6 (Viktor Stalberg, Chris Butler) at 19:32

Penalties :
Dan Girardi (MTL) for Interference (Minor) at 2:04, Andrew Shaw (SJS) for Hooking (Minor) at 2:32, Blake Comeau (MTL) for Roughing (Minor) at 10:22, Dan Girardi (MTL) for Tripping (Minor) at 13:36, Matt Beleskey (SJS) for Slashing (Minor) at 17:23, Drew Stafford (SJS) for Roughing (Minor) at 19:57

2nd period

4. Sharks , Viktor Stalberg 8 (Andrew Shaw, Mark Pysyk) at 13:59

Penalties :
Brooks Laich (SJS) for Hooking (Minor) at 0:25, Joe Corvo (SJS) for Hooking (Minor) at 3:00, Dylan Olsen (MTL) for Roughing (Minor) at 8:04

3rd period

5. Canadiens , Jonathan Toews 25 (Radim Vrbata, Matt Read) at 11:29

Penalties :
Jonathan Toews (MTL) for Hooking (Minor) at 7:25

Goalie Stats

Al Montoya (MTL), 17 saves from 18 shots - (0.944), 40:28 minutes
Jonathan Bernier (MTL), 11 saves from 14 shots - (0.786), L, 25-25-5, 19:32 minutes
Jonas Hiller (SJS), 35 saves from 36 shots - (0.972), W, 21-28-7, 60:00 minutes

Players Stats for Canadiens

Player Name              G  A  P  +/- PIM S  H  SB GA TA FO     MP     PP MP  PK MP  
------------------------------------------------------------------------------------
Alexander Steen          0  0  0  -1  0   5  1  0  0  0  0/0    22:34   4:36   2:43 
Blake Comeau             0  0  0   0  2   0  1  0  0  0  0/0     6:32   0:00   0:00 
Brandon Pirri            0  0  0  -1  0   1  3  0  0  0  0/1    19:51   4:36   0:00 
Brenden Morrow           0  0  0   0  0   0  2  0  0  0  1/1     7:26   0:00   0:00 
Cam Fowler               0  0  0   1  0   2  0  1  0  0  0/0    24:57   3:45   4:20 
Dan Girardi              0  0  0   1  4   1  7  0  0  0  0/0    24:47   4:39   3:18 
Dylan Olsen              0  0  0  -1  2   1  1  1  0  0  0/0    13:43   0:00   1:02 
Jason Demers             0  0  0  -2  0   8  2  0  0  0  0/0    22:07   4:39   3:28 
Jason Garrison           0  0  0  -2  0   1  1  3  0  0  0/0    21:13   3:45   3:28 
Jonathan Toews           1  0  1  -1  2   5  0  0  0  0  11/23  18:52   3:48   0:45 
Manny Malhotra           0  0  0   0  0   1  0  0  0  0  2/4     6:33   0:00   0:00 
Martin Erat              0  0  0   0  0   1  0  0  0  0  0/2     7:26   0:00   0:00 
Matt Read                0  1  1  -1  0   0  6  0  0  0  2/3    22:51   3:48   4:43 
Paul Stastny             0  0  0  -1  0   8  2  0  0  0  16/36  22:34   4:36   2:43 
Radim Vrbata             0  1  1  -1  0   2  2  0  0  0  2/2    18:08   3:48   0:00 
Saku Koivu               0  0  0   0  0   0  0  0  0  0  9/21   12:36   0:00   5:10 
Steve Oleksy             0  0  0  -1  0   0  3  2  0  0  0/0    13:10   0:00   0:28 
Sven Baertschi           0  0  0   0  0   0  0  0  0  0  0/0     6:33   0:00   0:00 

Players Stats for Sharks

Player Name              G  A  P  +/- PIM S  H  SB GA TA FO     MP     PP MP  PK MP  
------------------------------------------------------------------------------------
Andrew Shaw              0  1  1   2  2   5  0  0  0  0  10/18  12:44   1:42   0:00 
Brooks Laich             0  0  0   0  2   0  0  0  0  0  0/0     5:49   0:16   0:58 
Chris Butler             1  2  3   2  0   3  2  3  0  0  0/0    25:42   4:55   4:11 
Drew Stafford            0  1  1   0  2   2  1  0  0  0  1/2    23:21   3:29   3:47 
Jannik Hansen            0  0  0   0  0   2  2  1  0  0  1/3    22:16   3:13   2:38 
Joe Corvo                0  0  0   1  2   0  2  0  0  0  0/0    22:14   3:50   3:11 
Jordan Leopold           1  1  2   2  0   3  3  1  0  0  0/0    18:31   0:00   1:55 
Justin Falk              0  0  0  -1  0   0  1  2  0  0  0/0    18:27   3:25   3:18 
Mark Pysyk               0  1  1   1  0   1  0  3  0  0  0/0    16:01   0:47   0:00 
Martin Havlat            1  0  1   0  0   3  0  0  0  0  0/2    19:16   2:51   0:00 
Matt Beleskey            0  0  0   2  2   1  5  0  0  0  3/6    18:33   4:33   3:00 
Michael Kostka           0  0  0  -1  0   0  1  3  0  0  0/0    19:04   3:07   4:13 
Nikolai Kulemin          0  0  0   0  0   3  3  0  0  0  0/1    11:33   0:00   0:00 
Rich Peverley            0  0  0   0  0   6  0  0  0  0  17/31  20:59   4:33   4:53 
Riley Nash               0  0  0   0  0   0  0  0  0  0  4/8     4:35   0:00   0:00 
Robert Bortuzzo          0  0  0   0  0   0  0  0  0  0  0/0     0:00   0:00   0:00 
Stephen Weiss            0  1  1   0  0   1  0  0  0  0  14/22  19:54   3:29   0:00 
Viktor Stalberg          1  1  2   2  0   2  0  1  0  0  0/0    11:01   0:00   0:00 

3 Stars

1 - Chris Butler (SJS)
2 - Jordan Leopold (SJS)
3 - Jonas Hiller (SJS)

Power Play

Canadiens - 0 on 5 Attempt(s) - 0.00%
Sharks - 1 on 5 Attempt(s) - 20.00%

Penalty Kill

Canadiens - 4 on 5 Attempt(s) - 80.00% - Score 0 goal in Penalty Kill
Sharks - 5 on 5 Attempt(s) - 100.00% - Score 0 goal in Penalty Kill

Team Stat

Canadiens - Hits : 31 - Faceoff Wins : 43 - Blocked Shots : 7 - Penalty Minutes : 10
Sharks - Hits : 20 - Faceoff Wins : 50 - Blocked Shots : 14 - Penalty Minutes : 10

Official

Referees : Rob Martell and Brad Watson
Linesman : Don Henderson and Tony Sericolo

Game Notes

Al Montoya enters game at 19:32 of 1st period

Finance

Level 1 -- Attendance: 5697 (87.65%) -- Ticket Income $569,700
Level 2 -- Attendance: 5000 (100.00%) -- Ticket Income $300,000
Level 3 -- Attendance: 3500 (100.00%) -- Ticket Income $122,500
Level 4 -- Attendance: 1496 (100.00%) -- Ticket Income $29,920
Luxury Box -- Attendance: 865 (86.50%) -- Ticket Income $173,000
Game was played at the SAP center'
Total Attendance: 16558 (94.64%)
Total Ticket Income: $1,195,120
Other Income: $179,268
Total Income: $1,374,388

% Time on Ice - Canadiens

Lines # - Real PCT - Wanted PCT - Time Play
Normal Forward
1 - 35% - 35% - 15:15
2 - 33% - 30% - 14:20
3 - 17% - 18% - 7:26
4 - 15% - 17% - 6:33
Normal Defense
1 - 32% - 32% - 14:00
2 - 29% - 23% - 12:42
3 - 19% - 23% - 8:24
4 - 19% - 22% - 8:28
PP Forward
1 - 55% - 50% - 4:36
2 - 45% - 50% - 3:48
PP Defense
1 - 45% - 50% - 3:45
2 - 55% - 50% - 4:39
PK Forward
1 - 66% - 60% - 5:19
2 - 34% - 40% - 2:43
PK Defense
1 - 57% - 60% - 4:34
2 - 43% - 40% - 3:28
PK3 Forward
1 - 0% - 60%
2 - 0% - 40%
PK3 Defense
1 - 0% - 60%
2 - 0% - 40%
44 Forward
1 - 0% - 50%
2 - 0% - 50%
44 Defense
1 - 0% - 50%
2 - 0% - 50%
Last Minute Offensive  - 0:00
Last Minute Defensive  - 0:00
Total
Forward - 60:00
Defense - 60:00

% Time on Ice - Sharks

Lines # - Real PCT - Wanted PCT - Time Play
Normal Forward
1 - 38% - 30% - 16:25
2 - 27% - 30% - 11:33
3 - 25% - 25% - 11:01
4 - 11% - 15% - 4:35
Normal Defense
1 - 38% - 40% - 16:36
2 - 35% - 35% - 15:14
3 - 27% - 25% - 11:44
4 - 0% - 0% - 0:00
PP Forward
1 - 43% - 50% - 3:29
2 - 57% - 50% - 4:33
PP Defense
1 - 61% - 60% - 4:55
2 - 39% - 40% - 3:07
PK Forward
1 - 62% - 55% - 4:15
2 - 38% - 45% - 2:38
PK Defense
1 - 55% - 55% - 3:46
2 - 45% - 45% - 3:07
PK3 Forward
1 - 79% - 60% - 1:12
2 - 21% - 40% - 0:19
PK3 Defense
1 - 70% - 60% - 1:04
2 - 30% - 40% - 0:27
44 Forward
1 - 0% - 55%
2 - 0% - 45%
44 Defense
1 - 0% - 55%
2 - 0% - 45%
Last Minute Offensive  - 0:00
Last Minute Defensive  - 0:00
Total
Forward - 60:00
Defense - 60:00

Play by Play

1st period


0:01 of 1st period - Stephen Weiss wins face-off versus Paul Stastny in neutral zone.
0:08 of 1st period - Shot by Martin Havlat.
0:08 of 1st period - Shot Blocked by Jason Garrison.
1:02 of 1st period - Shot by Drew Stafford.
1:02 of 1st period - Stopped by Jonathan Bernier with a rebound.
1:10 of 1st period - Shot by Joe Corvo.
1:10 of 1st period - Shot Blocked by Steve Oleksy.
1:22 of 1st period - Shot by Rich Peverley.
1:22 of 1st period - Stopped by Jonathan Bernier without a rebound.
1:23 of 1st period - Saku Koivu wins face-off versus Andrew Shaw in Canadiens zone.
1:23 of 1st period - Saku Koivu is hit by Matt Beleskey.
1:37 of 1st period - Andrew Shaw is hit by Dan Girardi and loses puck.
1:47 of 1st period - Matt Beleskey is hit by Dan Girardi and loses puck.
1:53 of 1st period - Icing by Dan Girardi.
1:54 of 1st period - Riley Nash wins face-off versus Martin Erat in Canadiens zone.
1:54 of 1st period - Joe Corvo is hit by Dan Girardi and loses puck.
2:04 of 1st period - Minor Penalty to Dan Girardi for Interference.
2:05 of 1st period - Stephen Weiss wins face-off versus Saku Koivu in Canadiens zone.
2:10 of 1st period - Shot by Chris Butler.
2:10 of 1st period - Goal by Chris Butler - Canadiens : 0 - Sharks : 1.
2:11 of 1st period - Manny Malhotra wins face-off versus Rich Peverley in neutral zone.
2:13 of 1st period - Steve Oleksy is hit by Joe Corvo and loses puck.
2:24 of 1st period - Shot by Mark Pysyk.
2:24 of 1st period - Shot Misses the Net.
2:26 of 1st period - Shot by Drew Stafford.
2:26 of 1st period - Deflect By Nikolai Kulemin.
2:26 of 1st period - Stopped by Jonathan Bernier without a rebound.
2:27 of 1st period - Jonathan Toews wins face-off versus Andrew Shaw in Canadiens zone.
2:27 of 1st period - Jonathan Toews is hit by Matt Beleskey.
2:32 of 1st period - Minor Penalty to Andrew Shaw for Hooking.
2:33 of 1st period - Rich Peverley wins face-off versus Paul Stastny in Sharks zone.
2:59 of 1st period - Shot by Jason Garrison.
2:59 of 1st period - Shot Misses the Net.
3:01 of 1st period - Shot by Cam Fowler.
3:01 of 1st period - Stopped by Jonas Hiller with a rebound.
3:03 of 1st period - Shot by Brandon Pirri.
3:03 of 1st period - Shot Blocked by Jannik Hansen.
3:48 of 1st period - Shot by Jason Demers.
3:48 of 1st period - Stopped by Jonas Hiller without a rebound.
3:49 of 1st period - Rich Peverley wins face-off versus Jonathan Toews in Sharks zone.
4:02 of 1st period - Shot by Rich Peverley.
4:02 of 1st period - Shot Hit the Post.
4:12 of 1st period - Shot by Jason Demers.
4:12 of 1st period - Stopped by Jonas Hiller with a rebound.
4:14 of 1st period - Shot by Dan Girardi.
4:14 of 1st period - Stopped by Jonas Hiller without a rebound.
4:15 of 1st period - Paul Stastny wins face-off versus Jannik Hansen in Sharks zone.
4:22 of 1st period - Shot by Jason Garrison.
4:22 of 1st period - Shot Misses the Net.
4:24 of 1st period - Shot by Cam Fowler.
4:24 of 1st period - Stopped by Jonas Hiller without a rebound.
4:25 of 1st period - Rich Peverley wins face-off versus Paul Stastny in Sharks zone.
5:38 of 1st period - Shot by Paul Stastny.
5:38 of 1st period - Shot Blocked by Mark Pysyk.
5:55 of 1st period - Icing by Paul Stastny.
5:56 of 1st period - Andrew Shaw wins face-off versus Paul Stastny in Canadiens zone.
6:11 of 1st period - Cam Fowler is hit by Matt Beleskey and loses puck.
7:01 of 1st period - Shot by Jason Demers.
7:01 of 1st period - Stopped by Jonas Hiller without a rebound.
7:02 of 1st period - Jonathan Toews wins face-off versus Stephen Weiss in Sharks zone.
7:29 of 1st period - Shot by Martin Havlat.
7:29 of 1st period - Shot Misses the Net.
7:31 of 1st period - Shot by Chris Butler.
7:31 of 1st period - Deflect By Martin Havlat.
7:31 of 1st period - Goal by Martin Havlat - Canadiens : 0 - Sharks : 2.
7:32 of 1st period - Rich Peverley wins face-off versus Saku Koivu in neutral zone.
7:35 of 1st period - Martin Erat is hit by Nikolai Kulemin and loses puck.
8:00 of 1st period - Shot by Martin Erat.
8:00 of 1st period - Stopped by Jonas Hiller without a rebound.
8:01 of 1st period - Andrew Shaw wins face-off versus Jonathan Toews in Sharks zone.
8:11 of 1st period - Viktor Stalberg is hit by Matt Read and loses puck.
8:18 of 1st period - Shot by Jonathan Toews.
8:18 of 1st period - Shot Blocked by Chris Butler.
8:39 of 1st period - Viktor Stalberg is hit by Jason Garrison and loses puck.
8:42 of 1st period - Shot by Chris Butler.
8:42 of 1st period - Stopped by Jonathan Bernier with a rebound.
8:55 of 1st period - Drew Stafford is hit by Jason Demers and loses puck.
9:16 of 1st period - Shot by Rich Peverley.
9:16 of 1st period - Shot Blocked by Jason Garrison.
9:18 of 1st period - Shot by Rich Peverley.
9:18 of 1st period - Stopped by Jonathan Bernier without a rebound.
9:19 of 1st period - Stephen Weiss wins face-off versus Paul Stastny in Canadiens zone.
9:22 of 1st period - Shot by Jannik Hansen.
9:22 of 1st period - Stopped by Jonathan Bernier with a rebound.
9:41 of 1st period - Mark Pysyk is hit by Dan Girardi and loses puck.
9:56 of 1st period - Stephen Weiss is hit by Dan Girardi and loses puck.
10:22 of 1st period - Minor Penalty to Blake Comeau for Roughing.
10:23 of 1st period - Saku Koivu wins face-off versus Andrew Shaw in Canadiens zone.
10:42 of 1st period - Shot by Rich Peverley.
10:42 of 1st period - Stopped by Jonathan Bernier with a rebound.
11:20 of 1st period - Shot by Michael Kostka.
11:20 of 1st period - Shot Misses the Net.
11:22 of 1st period - Shot by Michael Kostka.
11:22 of 1st period - Deflect By Drew Stafford.
11:22 of 1st period - Stopped by Jonathan Bernier without a rebound.
11:23 of 1st period - Stephen Weiss wins face-off versus Paul Stastny in Canadiens zone.
12:28 of 1st period - Shot by Matt Beleskey.
12:28 of 1st period - Shot Misses the Net.
12:33 of 1st period - Steve Oleksy is hit by Jordan Leopold and loses puck.
12:37 of 1st period - Icing by Jordan Leopold.
12:38 of 1st period - Paul Stastny wins face-off versus Andrew Shaw in Sharks zone.
12:48 of 1st period - Alexander Steen is hit by Chris Butler.
12:52 of 1st period - Shot by Alexander Steen.
12:52 of 1st period - Stopped by Jonas Hiller without a rebound.
12:53 of 1st period - Radim Vrbata wins face-off versus Rich Peverley in Sharks zone.
13:06 of 1st period - Shot by Radim Vrbata.
13:06 of 1st period - Shot Misses the Net.
13:11 of 1st period - Nikolai Kulemin is hit by Dylan Olsen and loses puck.
13:29 of 1st period - Icing by Nikolai Kulemin.
13:30 of 1st period - Rich Peverley wins face-off versus Saku Koivu in Sharks zone.
13:32 of 1st period - Nikolai Kulemin is hit by Brenden Morrow and loses puck.
13:36 of 1st period - Minor Penalty to Dan Girardi for Tripping.
13:37 of 1st period - Saku Koivu wins face-off versus Rich Peverley in Canadiens zone.
14:50 of 1st period - Shot by Alexander Steen.
14:50 of 1st period - Deflect By Paul Stastny.
14:50 of 1st period - Stopped by Jonas Hiller with a rebound.
15:16 of 1st period - Shot by Matt Beleskey.
15:16 of 1st period - Shot Misses the Net.
16:03 of 1st period - Icing by Jordan Leopold.
16:04 of 1st period - Riley Nash wins face-off versus Saku Koivu in Sharks zone.
16:06 of 1st period - Chris Butler is hit by Brenden Morrow and loses puck.
16:11 of 1st period - Shot by Riley Nash.
16:11 of 1st period - Shot Misses the Net.
16:13 of 1st period - Shot by Jordan Leopold.
16:13 of 1st period - Stopped by Jonathan Bernier without a rebound.
16:14 of 1st period - Andrew Shaw wins face-off versus Paul Stastny in Canadiens zone.
16:15 of 1st period - Shot by Matt Beleskey.
16:15 of 1st period - Shot Misses the Net.
16:23 of 1st period - Shot by Andrew Shaw.
16:23 of 1st period - Stopped by Jonathan Bernier without a rebound.
16:24 of 1st period - Matt Read wins face-off versus Stephen Weiss in Canadiens zone.
16:24 of 1st period - Matt Read is hit by Jannik Hansen.
16:32 of 1st period - Icing by Mark Pysyk.
16:33 of 1st period - Stephen Weiss wins face-off versus Paul Stastny in Sharks zone.
16:49 of 1st period - Shot by Martin Havlat.
16:49 of 1st period - Stopped by Jonathan Bernier with a rebound.
17:23 of 1st period - Minor Penalty to Matt Beleskey for Slashing.
17:24 of 1st period - Jonathan Toews wins face-off versus Rich Peverley in Sharks zone.
17:25 of 1st period - Shot by Jason Demers.
17:25 of 1st period - Stopped by Jonas Hiller without a rebound.
17:26 of 1st period - Rich Peverley wins face-off versus Jonathan Toews in Sharks zone.
17:31 of 1st period - Chris Butler is hit by Matt Read and loses puck.
17:54 of 1st period - Shot by Jonathan Toews.
17:54 of 1st period - Shot Misses the Net.
17:56 of 1st period - Shot by Jason Demers.
17:56 of 1st period - Stopped by Jonas Hiller without a rebound.
17:57 of 1st period - Jannik Hansen wins face-off versus Paul Stastny in Sharks zone.
18:11 of 1st period - Shot by Paul Stastny.
18:11 of 1st period - Stopped by Jonas Hiller without a rebound.
18:12 of 1st period - Rich Peverley wins face-off versus Jonathan Toews in Sharks zone.
18:12 of 1st period - Rich Peverley is hit by Radim Vrbata.
18:24 of 1st period - Shot by Jonathan Toews.
18:24 of 1st period - Stopped by Jonas Hiller without a rebound.
18:25 of 1st period - Paul Stastny wins face-off versus Jannik Hansen in Sharks zone.
18:28 of 1st period - Shot by Dan Girardi.
18:28 of 1st period - Shot Blocked by Chris Butler.
18:42 of 1st period - Shot by Jason Demers.
18:42 of 1st period - Shot Blocked by Michael Kostka.
18:58 of 1st period - Shot by Paul Stastny.
18:58 of 1st period - Deflect By Brandon Pirri.
18:58 of 1st period - Shot Blocked by Justin Falk.
19:32 of 1st period - Shot by Jordan Leopold.
19:32 of 1st period - Goal by Jordan Leopold - Canadiens : 0 - Sharks : 3.
19:32 of 1st period - Al Montoya enters game.
19:33 of 1st period - Andrew Shaw wins face-off versus Jonathan Toews in neutral zone.
19:33 of 1st period - Viktor Stalberg is hit by Radim Vrbata and loses puck.
19:40 of 1st period - Shot by Joe Corvo.
19:40 of 1st period - Shot Misses the Net.
19:42 of 1st period - Shot by Matt Beleskey.
19:42 of 1st period - Shot Blocked by Dylan Olsen.
19:44 of 1st period - Shot by Viktor Stalberg.
19:44 of 1st period - Stopped by Al Montoya without a rebound.
19:45 of 1st period - Riley Nash wins face-off versus Saku Koivu in Canadiens zone.
19:57 of 1st period - Minor Penalty to Drew Stafford for Roughing.
19:58 of 1st period - Jonathan Toews wins face-off versus Rich Peverley in Sharks zone.
Goals for this period are 0 for Canadiens vs 3 for Sharks.
Shots for this period are 13 for Canadiens vs 15 for Sharks.

2nd period


0:01 of 2nd period - Jonathan Toews wins face-off versus Rich Peverley in neutral zone.
0:25 of 2nd period - Minor Penalty to Brooks Laich for Hooking.
0:26 of 2nd period - Paul Stastny wins face-off versus Matt Beleskey in Sharks zone.
0:33 of 2nd period - Shot by Jason Demers.
0:33 of 2nd period - Stopped by Jonas Hiller without a rebound.
0:34 of 2nd period - Paul Stastny wins face-off versus Matt Beleskey in Sharks zone.
0:53 of 2nd period - Shot by Jason Demers.
0:53 of 2nd period - Shot Misses the Net.
0:55 of 2nd period - Shot by Brandon Pirri.
0:55 of 2nd period - Stopped by Jonas Hiller without a rebound.
0:56 of 2nd period - Jonathan Toews wins face-off versus Matt Beleskey in Sharks zone.
1:26 of 2nd period - Off-side.
1:27 of 2nd period - Matt Beleskey wins face-off versus Paul Stastny in neutral zone.
1:36 of 2nd period - Shot by Dan Girardi.
1:36 of 2nd period - Shot Misses the Net.
1:38 of 2nd period - Shot by Jason Demers.
1:38 of 2nd period - Stopped by Jonas Hiller without a rebound.
1:39 of 2nd period - Matt Beleskey wins face-off versus Paul Stastny in Sharks zone.
2:32 of 2nd period - Matt Read is hit by Jordan Leopold and loses puck.
2:43 of 2nd period - Shot by Radim Vrbata.
2:43 of 2nd period - Stopped by Jonas Hiller without a rebound.
2:44 of 2nd period - Saku Koivu wins face-off versus Andrew Shaw in Sharks zone.
2:44 of 2nd period - Cam Fowler is hit by Joe Corvo and loses puck.
3:00 of 2nd period - Minor Penalty to Joe Corvo for Hooking.
3:01 of 2nd period - Rich Peverley wins face-off versus Matt Read in Sharks zone.
3:07 of 2nd period - Icing by Cam Fowler.
3:08 of 2nd period - Jonathan Toews wins face-off versus Rich Peverley in Canadiens zone.
3:20 of 2nd period - Matt Read is hit by Michael Kostka and loses puck.
3:44 of 2nd period - Icing by Matt Read.
3:45 of 2nd period - Jonathan Toews wins face-off versus Rich Peverley in Canadiens zone.
4:55 of 2nd period - Paul Stastny is hit by Justin Falk and loses puck.
5:34 of 2nd period - Saku Koivu is hit by Jannik Hansen and loses puck.
6:08 of 2nd period - Mark Pysyk is hit by Blake Comeau and loses puck.
7:20 of 2nd period - Icing by Jason Demers.
7:21 of 2nd period - Jonathan Toews wins face-off versus Andrew Shaw in Canadiens zone.
8:04 of 2nd period - Minor Penalty to Dylan Olsen for Roughing.
8:05 of 2nd period - Rich Peverley wins face-off versus Saku Koivu in Canadiens zone.
8:08 of 2nd period - Shot by Andrew Shaw.
8:08 of 2nd period - Stopped by Al Montoya without a rebound.
8:09 of 2nd period - Matt Read wins face-off versus Rich Peverley in Canadiens zone.
8:22 of 2nd period - Shot by Matt Beleskey.
8:22 of 2nd period - Stopped by Al Montoya without a rebound.
8:23 of 2nd period - Saku Koivu wins face-off versus Martin Havlat in Canadiens zone.
8:36 of 2nd period - Dan Girardi is hit by Matt Beleskey.
8:44 of 2nd period - Shot by Matt Beleskey.
8:44 of 2nd period - Shot Misses the Net.
8:46 of 2nd period - Shot by Rich Peverley.
8:46 of 2nd period - Shot Misses the Net.
8:50 of 2nd period - Shot by Rich Peverley.
8:50 of 2nd period - Shot Blocked by Cam Fowler.
8:52 of 2nd period - Shot by Martin Havlat.
8:52 of 2nd period - Deflect By Rich Peverley.
8:52 of 2nd period - Stopped by Al Montoya without a rebound.
8:53 of 2nd period - Paul Stastny wins face-off versus Stephen Weiss in Canadiens zone.
9:43 of 2nd period - Shot by Rich Peverley.
9:43 of 2nd period - Deflect By Matt Beleskey.
9:43 of 2nd period - Shot Misses the Net.
9:45 of 2nd period - Shot by Chris Butler.
9:45 of 2nd period - Deflect By Rich Peverley.
9:45 of 2nd period - Shot Hit the Post.
9:47 of 2nd period - Shot by Mark Pysyk.
9:47 of 2nd period - Stopped by Al Montoya without a rebound.
9:48 of 2nd period - Saku Koivu wins face-off versus Stephen Weiss in Canadiens zone.
9:53 of 2nd period - Chris Butler is hit by Matt Read and loses puck.
10:05 of 2nd period - Stephen Weiss is hit by Steve Oleksy and loses puck.
10:31 of 2nd period - Icing by Chris Butler.
10:32 of 2nd period - Rich Peverley wins face-off versus Paul Stastny in Sharks zone.
11:30 of 2nd period - Off-side.
11:31 of 2nd period - Radim Vrbata wins face-off versus Stephen Weiss in neutral zone.
11:36 of 2nd period - Shot by Radim Vrbata.
11:36 of 2nd period - Deflect By Jonathan Toews.
11:36 of 2nd period - Stopped by Jonas Hiller without a rebound.
11:37 of 2nd period - Jonathan Toews wins face-off versus Stephen Weiss in Sharks zone.
12:40 of 2nd period - Rich Peverley is hit by Dan Girardi and loses puck.
13:02 of 2nd period - Cam Fowler is hit by Jordan Leopold and loses puck.
13:06 of 2nd period - Icing by Jordan Leopold.
13:07 of 2nd period - Rich Peverley wins face-off versus Paul Stastny in Sharks zone.
13:07 of 2nd period - Rich Peverley is hit by Brandon Pirri.
13:12 of 2nd period - Chris Butler is hit by Jason Demers and loses puck.
13:29 of 2nd period - Shot by Paul Stastny.
13:29 of 2nd period - Shot Blocked by Mark Pysyk.
13:48 of 2nd period - Mark Pysyk is hit by Brandon Pirri and loses puck.
13:57 of 2nd period - Shot by Andrew Shaw.
13:57 of 2nd period - Stopped by Al Montoya with a rebound.
13:59 of 2nd period - Shot by Andrew Shaw.
13:59 of 2nd period - Deflect By Viktor Stalberg.
13:59 of 2nd period - Goal by Viktor Stalberg - Canadiens : 0 - Sharks : 4.
14:00 of 2nd period - Stephen Weiss wins face-off versus Saku Koivu in neutral zone.
14:05 of 2nd period - Shot by Martin Havlat.
14:05 of 2nd period - Deflect By Jannik Hansen.
14:05 of 2nd period - Stopped by Al Montoya without a rebound.
14:06 of 2nd period - Stephen Weiss wins face-off versus Saku Koivu in Canadiens zone.
15:39 of 2nd period - Icing by Justin Falk.
15:40 of 2nd period - Stephen Weiss wins face-off versus Paul Stastny in Sharks zone.
15:40 of 2nd period - Stephen Weiss is hit by Paul Stastny.
15:54 of 2nd period - Shot by Rich Peverley.
15:54 of 2nd period - Stopped by Al Montoya with a rebound.
16:12 of 2nd period - Shot by Paul Stastny.
16:12 of 2nd period - Stopped by Jonas Hiller without a rebound.
16:13 of 2nd period - Jonathan Toews wins face-off versus Andrew Shaw in Sharks zone.
16:28 of 2nd period - Shot by Jonathan Toews.
16:28 of 2nd period - Shot Blocked by Viktor Stalberg.
16:30 of 2nd period - Shot by Matt Read.
16:30 of 2nd period - Deflect By Radim Vrbata.
16:30 of 2nd period - Shot Misses the Net.
16:32 of 2nd period - Shot by Jonathan Toews.
16:32 of 2nd period - Stopped by Jonas Hiller without a rebound.
16:33 of 2nd period - Rich Peverley wins face-off versus Saku Koivu in Sharks zone.
16:55 of 2nd period - Off-side.
16:56 of 2nd period - Paul Stastny wins face-off versus Andrew Shaw in neutral zone.
17:01 of 2nd period - Shot by Paul Stastny.
17:01 of 2nd period - Stopped by Jonas Hiller without a rebound.
17:02 of 2nd period - Paul Stastny wins face-off versus Riley Nash in Sharks zone.
17:05 of 2nd period - Shot by Jason Demers.
17:05 of 2nd period - Stopped by Jonas Hiller without a rebound.
17:06 of 2nd period - Rich Peverley wins face-off versus Paul Stastny in Sharks zone.
17:20 of 2nd period - Shot by Alexander Steen.
17:20 of 2nd period - Stopped by Jonas Hiller without a rebound.
17:21 of 2nd period - Andrew Shaw wins face-off versus Jonathan Toews in Sharks zone.
17:25 of 2nd period - Joe Corvo is hit by Dan Girardi and loses puck.
17:33 of 2nd period - Off-side.
17:34 of 2nd period - Rich Peverley wins face-off versus Paul Stastny in neutral zone.
17:49 of 2nd period - Jason Garrison is hit by Nikolai Kulemin and loses puck.
18:10 of 2nd period - Shot by Paul Stastny.
18:10 of 2nd period - Stopped by Jonas Hiller without a rebound.
18:11 of 2nd period - Andrew Shaw wins face-off versus Jonathan Toews in Sharks zone.
19:20 of 2nd period - Shot by Martin Havlat.
19:20 of 2nd period - Shot Misses the Net.
19:26 of 2nd period - Shot by Martin Havlat.
19:26 of 2nd period - Stopped by Al Montoya without a rebound.
19:27 of 2nd period - Paul Stastny wins face-off versus Nikolai Kulemin in Canadiens zone.
19:27 of 2nd period - Paul Stastny is hit by Drew Stafford.
19:33 of 2nd period - Shot by Alexander Steen.
19:33 of 2nd period - Stopped by Jonas Hiller without a rebound.
19:34 of 2nd period - Rich Peverley wins face-off versus Paul Stastny in Sharks zone.
19:49 of 2nd period - Shot by Nikolai Kulemin.
19:49 of 2nd period - Stopped by Al Montoya without a rebound.
19:50 of 2nd period - Andrew Shaw wins face-off versus Saku Koivu in Canadiens zone.
19:53 of 2nd period - Shot by Matt Beleskey.
19:53 of 2nd period - Deflect By Andrew Shaw.
19:53 of 2nd period - Shot Misses the Net.
19:55 of 2nd period - Shot by Andrew Shaw.
19:55 of 2nd period - Deflect By Matt Beleskey.
19:55 of 2nd period - Shot Blocked by Steve Oleksy.
Goals for this period are 0 for Canadiens vs 1 for Sharks.
Shots for this period are 12 for Canadiens vs 10 for Sharks.

3rd period


0:01 of 3rd period - Paul Stastny wins face-off versus Rich Peverley in neutral zone.
0:39 of 3rd period - Jason Garrison is hit by Nikolai Kulemin and loses puck.
1:24 of 3rd period - Andrew Shaw is hit by Matt Read and loses puck.
2:27 of 3rd period - Shot by Manny Malhotra.
2:27 of 3rd period - Shot Blocked by Justin Falk.
2:29 of 3rd period - Shot by Manny Malhotra.
2:29 of 3rd period - Stopped by Jonas Hiller without a rebound.
2:30 of 3rd period - Brenden Morrow wins face-off versus Riley Nash in Sharks zone.
2:54 of 3rd period - Shot by Jason Garrison.
2:54 of 3rd period - Stopped by Jonas Hiller with a rebound.
3:20 of 3rd period - Shot by Andrew Shaw.
3:20 of 3rd period - Shot Misses the Net.
3:41 of 3rd period - Matt Beleskey is hit by Alexander Steen and loses puck.
3:49 of 3rd period - Andrew Shaw is hit by Steve Oleksy and loses puck.
3:54 of 3rd period - Shot by Alexander Steen.
3:54 of 3rd period - Stopped by Jonas Hiller without a rebound.
3:55 of 3rd period - Stephen Weiss wins face-off versus Jonathan Toews in Sharks zone.
3:55 of 3rd period - Stephen Weiss is hit by Matt Read.
4:09 of 3rd period - Shot by Jonathan Toews.
4:09 of 3rd period - Stopped by Jonas Hiller with a rebound.
4:59 of 3rd period - Icing by Jordan Leopold.
5:00 of 3rd period - Paul Stastny wins face-off versus Rich Peverley in Sharks zone.
5:07 of 3rd period - Shot by Alexander Steen.
5:07 of 3rd period - Stopped by Jonas Hiller without a rebound.
5:08 of 3rd period - Paul Stastny wins face-off versus Drew Stafford in Sharks zone.
5:17 of 3rd period - Shot by Paul Stastny.
5:17 of 3rd period - Stopped by Jonas Hiller without a rebound.
5:18 of 3rd period - Manny Malhotra wins face-off versus Rich Peverley in Sharks zone.
5:18 of 3rd period - Manny Malhotra is hit by Chris Butler.
5:30 of 3rd period - Icing by Rich Peverley.
5:31 of 3rd period - Paul Stastny wins face-off versus Rich Peverley in Sharks zone.
5:32 of 3rd period - Shot by Alexander Steen.
5:32 of 3rd period - Shot Blocked by Jordan Leopold.
6:28 of 3rd period - Shot by Viktor Stalberg.
6:28 of 3rd period - Shot Misses the Net.
6:30 of 3rd period - Shot by Andrew Shaw.
6:30 of 3rd period - Stopped by Al Montoya without a rebound.
6:31 of 3rd period - Stephen Weiss wins face-off versus Manny Malhotra in Canadiens zone.
6:46 of 3rd period - Shot by Blake Comeau.
6:46 of 3rd period - Shot Blocked by Michael Kostka.
7:05 of 3rd period - Icing by Michael Kostka.
7:06 of 3rd period - Stephen Weiss wins face-off versus Jonathan Toews in Sharks zone.
7:06 of 3rd period - Martin Havlat is hit by Matt Read and loses puck.
7:25 of 3rd period - Minor Penalty to Jonathan Toews for Hooking.
7:26 of 3rd period - Saku Koivu wins face-off versus Rich Peverley in Canadiens zone.
8:03 of 3rd period - Dan Girardi is hit by Matt Beleskey and loses puck.
8:29 of 3rd period - Icing by Jannik Hansen.
8:30 of 3rd period - Stephen Weiss wins face-off versus Saku Koivu in Sharks zone.
9:01 of 3rd period - Icing by Rich Peverley.
9:02 of 3rd period - Matt Beleskey wins face-off versus Paul Stastny in Sharks zone.
9:02 of 3rd period - Matt Beleskey is hit by Paul Stastny.
9:58 of 3rd period - Off-side.
9:59 of 3rd period - Stephen Weiss wins face-off versus Brandon Pirri in neutral zone.
10:29 of 3rd period - Shot by Alexander Steen.
10:29 of 3rd period - Shot Blocked by Michael Kostka.
11:29 of 3rd period - Shot by Jonathan Toews.
11:29 of 3rd period - Goal by Jonathan Toews - Canadiens : 1 - Sharks : 4.
11:30 of 3rd period - Drew Stafford wins face-off versus Saku Koivu in neutral zone.
11:39 of 3rd period - Shot by Joe Corvo.
11:39 of 3rd period - Shot Misses the Net.
12:03 of 3rd period - Shot by Saku Koivu.
12:03 of 3rd period - Shot Misses the Net.
12:05 of 3rd period - Shot by Steve Oleksy.
12:05 of 3rd period - Shot Blocked by Mark Pysyk.
12:07 of 3rd period - Shot by Dylan Olsen.
12:07 of 3rd period - Stopped by Jonas Hiller without a rebound.
12:08 of 3rd period - Andrew Shaw wins face-off versus Jonathan Toews in Sharks zone.
12:15 of 3rd period - Shot by Matt Read.
12:15 of 3rd period - Shot Misses the Net.
12:39 of 3rd period - Shot by Jonathan Toews.
12:39 of 3rd period - Deflect By Radim Vrbata.
12:39 of 3rd period - Stopped by Jonas Hiller without a rebound.
12:40 of 3rd period - Paul Stastny wins face-off versus Riley Nash in Sharks zone.
13:09 of 3rd period - Shot by Paul Stastny.
13:09 of 3rd period - Stopped by Jonas Hiller without a rebound.
13:10 of 3rd period - Andrew Shaw wins face-off versus Jonathan Toews in Sharks zone.
13:21 of 3rd period - Shot by Andrew Shaw.
13:21 of 3rd period - Shot Misses the Net.
13:23 of 3rd period - Shot by Jordan Leopold.
13:23 of 3rd period - Stopped by Al Montoya without a rebound.
13:24 of 3rd period - Saku Koivu wins face-off versus Stephen Weiss in Canadiens zone.
13:56 of 3rd period - Shot by Jannik Hansen.
13:56 of 3rd period - Shot Misses the Net.
13:58 of 3rd period - Shot by Jannik Hansen.
13:58 of 3rd period - Shot Misses the Net.
14:00 of 3rd period - Shot by Stephen Weiss.
14:00 of 3rd period - Stopped by Al Montoya without a rebound.
14:01 of 3rd period - Rich Peverley wins face-off versus Paul Stastny in Canadiens zone.
14:04 of 3rd period - Shot by Drew Stafford.
14:04 of 3rd period - Shot Misses the Net.
14:06 of 3rd period - Shot by Drew Stafford.
14:06 of 3rd period - Deflect By Nikolai Kulemin.
14:06 of 3rd period - Stopped by Al Montoya without a rebound.
14:07 of 3rd period - Rich Peverley wins face-off versus Paul Stastny in Canadiens zone.
14:16 of 3rd period - Shot by Rich Peverley.
14:16 of 3rd period - Stopped by Al Montoya without a rebound.
14:17 of 3rd period - Riley Nash wins face-off versus Jonathan Toews in Canadiens zone.
15:00 of 3rd period - Icing by Brooks Laich.
15:01 of 3rd period - Paul Stastny wins face-off versus Riley Nash in Sharks zone.
15:18 of 3rd period - Shot by Paul Stastny.
15:18 of 3rd period - Shot Misses the Net.
15:29 of 3rd period - Shot by Alexander Steen.
15:29 of 3rd period - Deflect By Paul Stastny.
15:29 of 3rd period - Stopped by Jonas Hiller without a rebound.
15:30 of 3rd period - Andrew Shaw wins face-off versus Manny Malhotra in Sharks zone.
15:50 of 3rd period - Matt Beleskey is hit by Steve Oleksy.
18:19 of 3rd period - Shot by Andrew Shaw.
18:19 of 3rd period - Stopped by Al Montoya with a rebound.
18:21 of 3rd period - Shot by Matt Beleskey.
18:21 of 3rd period - Shot Blocked by Jason Garrison.
18:23 of 3rd period - Shot by Chris Butler.
18:23 of 3rd period - Stopped by Al Montoya without a rebound.
18:24 of 3rd period - Stephen Weiss wins face-off versus Martin Erat in Canadiens zone.
18:30 of 3rd period - Icing by Saku Koivu.
18:31 of 3rd period - Saku Koivu wins face-off versus Martin Havlat in Canadiens zone.
19:07 of 3rd period - Icing by Stephen Weiss.
19:08 of 3rd period - Paul Stastny wins face-off versus Stephen Weiss in Sharks zone.
19:32 of 3rd period - Chris Butler is hit by Brandon Pirri and loses puck.
19:39 of 3rd period - Shot by Alexander Steen.
19:39 of 3rd period - Shot Blocked by Chris Butler.
Goals for this period are 1 for Canadiens vs 0 for Sharks.
Shots for this period are 11 for Canadiens vs 7 for Sharks.


Output by the SimonT Hockey Simulator (STHS) for Stephane Roy -- Original Page W3C XHTML 1.0 Valid
Hockey Simulator - Hockey Simulation - Hockey Manager